Match 46010749
Unlisted

Match 46010749
End
Panzergrenadier Squad
Panzerpioneer Squad
Panzergrenadier Squad
Construct Light Support Kompanie
2.5-tonne Medical Truck
MG34 Team
Assault Mechanized Group
Selects Italian Infantry
Selects Guastatori Squad
Guastatori Squad
Construct Mechanized Kompanie
Selects Registered Artillery
Registered Artillery
Panzerjäger Squad
Panzerjäger Mechanized Group
Selects Defensive Operations
Marder III Tank Destroyer
Marder III Tank Destroyer
Selects Towed Cannone da 105/28 Field Howitzer
Construct Panzerarmee Kommand
Towed Cannone da 105/28 Field Howitzer
Walking Stuka Rocket Launcher
Selects Territory Booby Traps
Selects Propaganda War
El Presidente
Tartrazine
DEOPRESSO
ßoo
余寶
portalplayer
0
0

Comments sign in to comment!

No comments posted yet!